 Dungeon Crawl Stone Soup version 0.30.1-9-gdf580d7c3d (webtiles) character file.

Game seed: 2800396333720754749

1938 monsoonserge the Skirmisher (level 8, -1/42 HPs)
             Began as a Spriggan Hunter on Oct 7, 2023.
             Was a Follower of Okawaru.
             Engulfed by a steam dragon's steam (8 damage)
             ... on level 6 of the Dungeon.
             The game lasted 00:22:59 (6393 turns).

monsoonserge the Skirmisher (Spriggan Hunter)       Turns: 6393, Time: 00:22:59

Health: -1/42      AC:  3    Str:  7    XL:     8   Next: 97%
Magic:  9/9        EV: 19    Int: 11    God:    Okawaru [*.....]
Gold:   197        SH:  0    Dex: 20    Spells: 7/7 levels left

rFire   . . .        a - +0 shortbow
rCold   . . .        (shield currently unavailable)
rNeg    + . .        c - +0 robe
rPois   .            (helmet restricted)
rElec   .            K - +0 cloak
rCorr   .            (gloves unavailable)
SInv    +            (boots unavailable)
Will    +....        (no amulet)
Stlth   +++          q - ring of positive energy
HPRegen 0.27/turn    (no ring)
MPRegen 0.11/turn

%: no passive effects
@: very quick
A: very small, no large weapons, unfitting armour, see invisible, speed 3
a: Renounce Religion, Heroism


You were on level 6 of the Dungeon.
You worshipped Okawaru.
Okawaru was aware of your devotion.
You visited 2 branches of the dungeon, and saw 8 of its levels.

You collected 216 gold pieces.
You spent 19 gold pieces at shops.

Inventory:

Hand Weapons
 a - a +0 shortbow (weapon)
 D - a +0 sling
Missiles
 l - 2 datura-tipped darts
 n - 2 atropa-tipped darts
 o - 6 poisoned darts
Armour
 c - a +0 robe (worn)
 v - a +0 buckler
 K - a +0 cloak (worn)
Magical Staves
 B - a staff of conjuration
Jewellery
 q - a ring of positive energy (left hand)
 r - a ring of ice
 I - the ring "Nammuer" {Int+4 Dex+6}
   (You took it off an orc on level 4 of the Dungeon)

   [ring of dexterity]

   Int:       It affects your intelligence (+4).
   Dex:       It affects your dexterity (+6).
Wands
 t - a wand of charming (1)
 u - a wand of digging (10)
 y - a wand of roots (1)
 J - a wand of flame (9)
 N - a wand of light (10)
Scrolls
 b - a scroll of immolation
 d - a scroll of blinking
 h - 4 scrolls of magic mapping
 k - a scroll of silence {unknown}
 p - a scroll of identify {unknown}
 s - 2 scrolls of amnesia
 x - a scroll of vulnerability {unknown}
 E - a scroll of fear {unknown}
 F - a scroll of enchant armour {unknown}
 G - a scroll of poison {unknown}
 H - a scroll of teleportation {unknown}
 L - a scroll of fog {unknown}
 M - a scroll of butterflies {unknown}
Potions
 e - 2 potions of curing {unknown}
 f - 2 potions of mutation {unknown}
 g - a potion of haste {unknown}
 i - 2 potions of degeneration {unknown}
 j - a potion of attraction {unknown}
 m - a potion of flight {unknown}
 w - 2 potions of cancellation {unknown}
 z - a potion of heal wounds
 A - a potion of might {unknown}
 C - a potion of brilliance {unknown}


   Skills:
 + Level 4.3 Fighting
 + Level 10.6 Ranged Weapons
 + Level 3.7 Dodging
 + Level 4.3 Stealth
 * Level 0.2 Invocations
 + Level 2.0 Evocations


You had 7 spell levels left.
You didn't know any spells.
Your spell library contained the following spells:

 Spells                   Type           Power      Damage    Failure   Level
 Freeze                   Ice            0%         1d3       34%         1
 Shock                    Conj/Air       0%         1d3       34%         1
 Ensorcelled Hibernation  Hex/Ice        0%         N/A       47%         2
 Lesser Beckoning         Tloc           0%         N/A       47%         2
 Passwall                 Tmut/Erth      0%         N/A       47%         2
 Frozen Ramparts          Ice            0%         1d1       71%         3
 Gell's Gravitas          Tloc           0%         N/A       71%         3
 Hailstorm                Conj/Ice       0%         3d3       71%         3
 Swiftness                Air            0%         N/A       71%         3
 Teleport Other           Tloc           0%         N/A       71%         3
 Airstrike                Air            0%         2d(0-16)  98%         4
 Ice Form                 Ice/Tmut       0%         N/A       98%         4
 Simulacrum               Ice/Necr       Unusable   N/A       N/A         6
 Malign Gateway           Summ/Tloc      Unusable   N/A       N/A         7
 Summon Horrible Things   Summ           Unusable   N/A       N/A         8

Dungeon Overview and Level Annotations

Branches:
Dungeon (7/15)             Temple (1/1) D:5

Altars:
Ashenzari
Cheibriados
Dithmenos
Elyvilon
Gozag
Hepliaklqana
Makhleb
Nemelex Xobeh
Okawaru
Qazlal
Ru
Sif Muna
Trog
Uskayaw
Vehumet
Wu Jian
Xom
Yredelemnul
Zin
The Shining One

Shops:
D:2 (

Annotations:
D:5 3 runed translucent doors, ShellytheWitch's ghost, novice KoBr
D:7 Maggie


Innate Abilities, Weirdness & Mutations

You are very small and have problems with some larger weapons.
You are too small for most types of armour.
You have supernaturally acute eyesight. (SInv)
You cover ground extremely quickly. (Speed+++)


Message History

The sleepcap is almost destroyed.
You shoot an arrow. The arrow hits the sleepcap!
You destroy the sleepcap!
Okawaru accepts your kill.
Things that are here:
a +0 dagger; 8 stones; an orc corpse You pick up a book of the Tundra and begin reading...
You add the spell Ice Form to your library.
Okay, then.
Things that are here:
a +0 dagger; 8 stones; an orc corpse
Found a sling.
You now have 186 gold pieces (gained 13).
There are no items here.
N - a wand of light (10)
You now have 197 gold pieces (gained 11).
There are no items here.
You shoot an arrow. The steam dragon hisses angrily.
The arrow hits the steam dragon but does no damage.
The steam dragon breathes steam at you. The ball of steam hits you!
You shoot an arrow.
The arrow hits the steam dragon but does no damage.
You shoot an arrow. The arrow hits the steam dragon.
The steam dragon is lightly wounded.
You shoot an arrow.
The arrow closely misses the steam dragon.
You hear a bark!
You shoot an arrow.
The arrow closely misses the steam dragon.
A hound comes into view.
The steam dragon breathes steam at you. The ball of steam hits you!!
* * * LOW HITPOINT WARNING * * *
You are engulfed in a cloud of scalding steam.
* * * LOW HITPOINT WARNING * * *
There is a stone staircase leading up, spattered with blood here.
You are engulfed in a cloud of scalding steam.
You die...

##D#§...............##...
##.###:.............#.##.. #..#
#..............#..#.. ##.##
##..............#.##. ##..##
#..............#..#.
##....#####.............##.##
###........###............##..#
###..#.....DD§.#§h...........##..
#...#.......#.§.@§...........###.
..##.........##§§§...........# #.
.##..........####...........## ##
##............# ###........### #
##............#* ##.........####
#..............* ##........>...
#..............* #............
#............#** ##...........
#.........#### ##..........


You could see a steam dragon and a hound.

Vanquished Creatures
  Grinder (D:3)
  Sigmund (D:5)
  Menkaure (D:4)
  3 water moccasins
  2 black bears
  A sky beast (D:7)
  2 phantoms (D:6)
  A bullfrog (D:5)
  2 scorpions
  A crimson imp (D:3)
  Crazy Yiuf (D:4)
  2 orc priests
  A hound (D:4)
  A sleepcap (D:6)
  3 iguanas
  Ijyb (D:4)
  3 orc wizards
  A mummy (D:6)
  8 adders
  A shadow imp (D:3)
  A white imp (D:7)
  An ufetubus (D:3)
  4 worms
  2 dart slugs
  7 orcs
  12 ball pythons
  6 endoplasms
  3 giant cockroaches
  5 hobgoblins
  9 kobolds
  7 quokkas
  6 bats
  A frilled lizard (D:1)
  10 goblins
  2 goblin skeletons (D:3)
  A goblin zombie (D:3)
  A hobgoblin zombie (D:3)
  A kobold skeleton (D:3)
  A kobold zombie (D:3)
  An orc skeleton (D:3)
  3 orc zombies (D:3)
  6 rats
127 creatures vanquished.

Vanquished Creatures (others)
  A hound (D:5)
1 creature vanquished.

Grand Total: 128 creatures vanquished

Notes
Turn   | Place    | Note
-------+----------+-------------------------------------------
     0 | D:1      | monsoonserge the Spriggan Hunter began the quest for the
                  | Orb.
     0 | D:1      | Reached XP level 1. HP: 10/10 MP: 2/2
    65 | D:1      | Reached XP level 2. HP: 14/14 MP: 3/3
   186 | D:1      | Found a faded altar of an unknown god.
   304 | D:1      | Reached XP level 3. HP: 17/18 MP: 4/4
   708 | D:2      | Reached skill level 5 in Ranged Weapons
   780 | D:2      | Found Pefet Ahy's Weapon Shop.
   786 | D:2      | Bought 2 atropa-tipped darts for 19 gold pieces
  1232 | D:3      | Found a stormy altar of Qazlal.
  1264 | D:3      | Reached XP level 4. HP: 23/23 MP: 5/5
  1339 | D:3      | Noticed a scorpion
  1418 | D:3      | Noticed a water moccasin
  1467 | D:3      | Killed a water moccasin
  1468 | D:3      | Reached skill level 6 in Ranged Weapons
  1468 | D:3      | Reached XP level 5. HP: 26/26 MP: 6/6
  1570 | D:3      | Found a glowing golden altar of the Shining One.
  1855 | D:3      | Noticed Grinder
  1857 | D:3      | Paralysed by Grinder for 5 turns
  1876 | D:3      | Killed Grinder
  1877 | D:3      | Reached skill level 7 in Ranged Weapons
  1877 | D:3      | Reached XP level 6. HP: 27/32 MP: 7/7
  1938 | D:4      | Noticed Ijyb
  2294 | D:3      | Reached XP level 7. HP: 35/35 MP: 8/8
  2582 | D:4      | Killed Ijyb
  2702 | D:4      | Reached skill level 1 in Evocations
  2719 | D:4      | Reached skill level 8 in Ranged Weapons
  3010 | D:4      | Noticed Menkaure
  3135 | D:4      | Identified the +2 hammer "Josah" {drain, *Corrode rF+ Will+
                  | Int+2}
  3139 | D:4      | Found a runed translucent door.
  3140 | D:4      | Noticed Crazy Yiuf
  3202 | D:5      | Entered Level 5 of the Dungeon
  3218 | D:5      | Found a staircase to the Ecumenical Temple.
  3226 | Temple   | Entered the Ecumenical Temple
  3575 | D:5      | Noticed Sigmund
  3607 | D:5      | Killed Sigmund
  3688 | D:5      | Found a runed translucent gate.
  3689 | D:5      | Found a runed translucent gate.
  3690 | D:5      | Found a runed translucent gate.
  3693 | D:5      | Noticed ShellytheWitch's ghost (novice KoBr)
  3855 | D:5      | Reached XP level 8. HP: 29/40 MP: 9/9
  3905 | D:5      | Found a shimmering altar of Xom.
  3905 | D:5      | Found a hide-covered altar of Uskayaw.
  3958 | D:5      | Found an iron altar of Okawaru.
  3962 | D:5      | Became a worshipper of Warmaster Okawaru
  4178 | D:5      | Reached skill level 9 in Ranged Weapons
  4870 | D:4      | Killed Menkaure
  5024 | D:4      | Identified the ring "Nammuer" {Int+4 Dex+6}
  5259 | D:4      | Killed Crazy Yiuf
  5523 | D:6      | Reached skill level 10 in Ranged Weapons
  5565 | D:6      | Found a snail-covered altar of Cheibriados.
  5623 | D:6      | Reached * piety under Okawaru
  5706 | D:6      | HP: 2/42 [something] (3)]
  6179 | D:7      | Noticed Maggie
  6393 | D:6      | Engulfed by a steam dragon's steam

Illustrated notes

Levels and vault maps discovered:
D:1:      eino_arrival_druids_welcome, layout_rooms,
          hellmonk_ecumenical_altar_pennies_from_heaven,
          chequers_decorated_corner, nrook_mini_vaults
D:2:      layout_loops_ring, serial_shops, nicolae_shop_stone, hex_tiny
D:3:      layout_rooms, mainiacjoe_overflow_alcove_1,
          nicolae_tso_besieged_by_evil, minmay_joined_circles, uniq_grinder
D:4:      layout_layer_cave, uniq_ijyb, uniq_menkaure, uniq_crazy_yiuf_cottage
D:5:      layout_loops_corners, mainiacjoe_overflow_24_doors,
          gammafunk_temple_overflow_statue, minmay_temple_entry_mini_moons,
          gammafunk_ghost_split, uniq_sigmund
D:6:      cheibrodos_quashed, layout_cave_pods, slow_altar_1
D:7:      layout_basic, corexii_corridor_pit, uniq_maggie
Temple:   eino_narrow_crystal_temple

Skill      XL: |  1  2  3  4  5  6  7  8 |
---------------+-------------------------+-----
Ranged Weapons | 5 6 7 8 10 | 10.6
Fighting       | 2 3 4 |  4.3
Dodging        | 3 |  3.7
Stealth        | 2 3 4 |  4.3
Evocations     | 2 |  2.0
Invocations    | |  0.2

Action                     |  1- 3 |  4- 6 |  7- 9 || total
---------------------------+-------+-------+-------++-------
   Fire: Shortbow          |   101 |   129 |   256 ||   486
  Evoke: Wand              |       |       |     3 ||     3
    Use: Scroll            |       |       |     3 ||     3
 Armour: Robe              |     4 |     2 |     5 ||    11
  Dodge: Dodged            |    34 |    26 |    53 ||   113
